 Dungeon Crawl Stone Soup version 0.31-a0-222-gefeffbb62a (webtiles) character file.

Game seed: 16945101822979184468

198 innerfire43 the Trooper (level 5, -1/42 HPs)
             Began as a Demonspawn Monk on July 5, 2023.
             Was a Priest of Trog.
             Slain by a gnoll
             ... wielding a +0 flail
              (9 damage)
             ... on level 3 of the Dungeon.
             The game lasted 00:02:35 (2658 turns).

innerfire43 the Trooper (Demonspawn Monk)           Turns: 2658, Time: 00:02:36

Health: -1/42      AC:  4    Str: 13    XL:     5   Next: 47%
Magic:  5/5        EV: 13    Int: 12    God:    Trog [***...]
Gold:   261        SH:  0    Dex: 15    Spells: 4/4 levels left

rFire   + . .        r - +2 whip (elec)
rCold   . . .        d - orb {light}
rNeg    . . .        b - +0 robe
rPois   .            (no helmet)
rElec   .            (no cloak)
rCorr   .            (no gloves)
SInv    .            (no boots)
Will    .....        e - amulet of the acrobat
Stlth   +            g - ring of wizardry
HPRegen 0.27/turn    t - ring of protection from fire
MPRegen 0.09/turn

%: acrobat, wizardry (x1)
@: glowing
A: slimy green scales 1, powered by death 1
a: Renounce Religion, Berserk, Trog's Hand


You were on level 3 of the Dungeon.
You worshipped Trog.
Trog was most pleased with you.
You visited 1 branch of the dungeon, and saw 3 of its levels.

You collected 261 gold pieces.

Inventory:

Hand Weapons
 a - a +0 hand axe
 h - a +1 whip of electrocution
 r - a +2 whip of electrocution (weapon)
Armour
 b - a +0 robe (worn)
 d - an orb of light (worn)
Jewellery
 e - an amulet of the acrobat (around neck)
 g - a ring of wizardry (left hand)
 t - a ring of protection from fire (right hand)
Scrolls
 f - a scroll of revelation {unknown}
 j - a scroll of fear {unknown}
 k - a scroll of silence {unknown}
 l - 6 scrolls of identify {unknown}
 m - 2 scrolls of fog {unknown}
 p - 4 scrolls of immolation {unknown}
Potions
 i - 2 potions of heal wounds {unknown}
 n - 3 potions of lignification {unknown}
 o - 4 potions of curing {unknown}
 q - a potion of brilliance {unknown}
 s - a potion of enlightenment {unknown}


   Skills:
 + Level 4.0 Fighting
 - Level 2.9(3.5) Axes
 * Level 3.0(3.5) Maces & Flails
 + Level 3.7 Dodging


You had 4 spell levels left.
You didn't know any spells.
Your spell library was empty.

Dungeon Overview and Level Annotations

Branches:
Dungeon (3/15)

Altars:
Cheibriados
Dithmenos
Fedhas
Trog

Shops:
D:2 =([


Innate Abilities, Weirdness & Mutations

You are partially covered in slimy green scales. (AC +2)
You regenerate a little health from kills.


Message History

The gnoll hits you with a +0 flail.
* * * LOW HITPOINT WARNING * * *
You barely miss the gnoll.
The gnoll is almost dead.
Unknown command.
You are confused.
You feel invigorated. The gnoll barely misses you.
The gnoll hits you with a +0 flail.
* * * LOW HITPOINT WARNING * * *
You barely miss the gnoll. The gnoll closely misses you.
The gnoll hits you with a +0 flail.
* * * LOW HITPOINT WARNING * * *
The gnoll completely misses you.
You feel less invigorated.
You feel less confused. The gnoll completely misses you.
The gnoll completely misses you. The gnoll misses you.
The gnoll closely misses you.
You see here 14 gold pieces.
You hit the gnoll.
The gnoll is moderately wounded.
The gnoll completely misses you. The gnoll barely misses you.
The gnoll completely misses you.
You hit the gnoll.
The gnoll is severely wounded.
The gnoll hits you with a +0 flail.
* * * LOW HITPOINT WARNING * * *
The gnoll misses you. The gnoll closely misses you.
You hit the gnoll.
The gnoll is severely wounded.
The gnoll hits you with a +0 flail.
* * * LOW HITPOINT WARNING * * *
The gnoll hits you with a +0 halberd.
* * * LOW HITPOINT WARNING * * *
The gnoll completely misses you.
You hit the gnoll. Lightning courses through the gnoll!
You kill the gnoll!
Trog accepts your kill. The gnoll barely misses you.
The gnoll hits you with a +0 flail!
You die...

#...#
#####
#...#
#...####
##.$##
###.....
##....#
######
###...).#
#.....###
###.)..#
#g....##
##@..##
#...g).##
########


You could see 2 gnolls.

Vanquished Creatures
  Jessica (D:2)
  2 orc wizards (D:3)
  5 gnolls
  2 adders
  An ufetubus (D:3)
  2 dart slugs
  An orc (D:3)
  4 bats
  7 endoplasms
  4 giant cockroaches
  2 hobgoblins
  3 jackals
  A quokka (D:2)
  5 ball pythons
  4 frilled lizards
  8 goblins
  5 kobolds
  4 rats
61 creatures vanquished.

Notes
Turn   | Place    | Note
-------+----------+-------------------------------------------
     0 | D:1      | innerfire43 the Demonspawn Monk began the quest for the
                  | Orb.
     0 | D:1      | Reached XP level 1. HP: 18/18 MP: 1/1
   265 | D:1      | Gained mutation: You are partially covered in slimy green
                  | scales. (AC +2) [demonic ancestry]
   265 | D:1      | Reached XP level 2. HP: 24/24 MP: 2/2
   797 | D:2      | Found a shadowy altar of Dithmenos.
   823 | D:2      | Found Mikom's Jewellery Boutique.
   845 | D:2      | Reached skill level 1 in Maces & Flails
   886 | D:2      | Reached XP level 3. HP: 29/29 MP: 3/3
   932 | D:2      | Found Wiotieje's Antique Armour Shoppe.
   933 | D:2      | Found Ifaexott's Weapon Shop.
  1137 | D:2      | Gained mutation: You regenerate a little health from kills.
                  | [demonic ancestry]
  1137 | D:2      | Reached XP level 4. HP: 10/36 MP: 4/4
  1516 | D:2      | Noticed Jessica
  1525 | D:2      | Killed Jessica
  1735 | D:2      | Found a faded altar of an unknown god.
  1955 | D:2      | Prayed at the altar of an unknown god.
  1955 | D:2      | Became a worshipper of Trog the Wrathful
  1955 | D:2      | Reached * piety under Trog
  1955 | D:2      | Reached ** piety under Trog
  2001 | D:2      | You fall into a shaft and drop 1 floor!
  2226 | D:3      | Found a snail-covered altar of Cheibriados.
  2232 | D:3      | Reached XP level 5. HP: 35/42 MP: 5/5
  2237 | D:3      | Reached skill level 4 in Fighting
  2251 | D:3      | Reached *** piety under Trog
  2340 | D:3      | Found a blossoming altar of Fedhas.
  2658 | D:3      | Slain by a gnoll

Illustrated notes

Levels and vault maps discovered:
D:1:      spicycebolla_green_bress_n_ham, layout_basic, hangedman_decor_points
D:2:      wad_river_or_something, layout_basic, basic_altar, serial_shops, shop,
          shop, shop, dreamdust_ecumenical_altar_hidden_monk_grotto,
          chequers_serial_rivers_small_3, kennysheep_generic_room_8,
          uniq_jessica
D:3:      layout_rooms, mainiacjoe_overflow_cross_hatched,
          mainiacjoe_overflow_paths, nicolae_tso_carved_into_rock

Skill      XL: |  1  2  3  4  5 |
---------------+----------------+-----
Dodging        | 3 |  3.7
Maces & Flails | 1 2 3 |  3.0
Fighting       | 4 |  4.0
Axes           | |  2.9

Action                     |  1- 3 |  4- 6 || total
---------------------------+-------+-------++-------
  Melee: Hand axe          |    23 |       ||    23
         Whip              |    41 |    80 ||   121
    Use: Potion            |       |     1 ||     1
 Armour: Robe              |    15 |    10 ||    25
  Dodge: Dodged            |    50 |    61 ||   111

Table legend: (Time is in decaauts)
 A = Elapsed time spent in this place.
 B = Non-inter-level travel time spent in this place.
 C = Inter-level travel time spent in this place.
 D = Time resting spent in this place.
 E = Time spent auto-exploring this place.
 F = Levels seen in this place.
 G = Mean time per level.
                   A        B        C        D        E       F      G
               +--------+--------+--------+--------+--------+-----+--------+
         Total |   2660 |   2427 |    233 |      0 |   2044 |   3 |  886.7 |
       Dungeon |   2660 |   2427 |    233 |      0 |   2044 |   3 |  886.7 |
               +--------+--------+--------+--------+--------+-----+--------+

Top non-repeatable levels by time:
     D:2: 1363 daAuts
     D:1: 777 daAuts
     D:3: 519 daAuts
